Map: Odyssey LE

Players

Myhome - Winner!

  • Race: Terran Terran
  • League: Diamond
  • Spawn Location: 5:00

Yata

  • Race: Zerg Zerg
  • League: Platinum
  • Spawn Location: 11:00

VOD

Have the link to the VOD?

Description

Time

  • Played on: Sept. 30, 2017, 10:29 p.m.
  • Length: 16:53
Show
View Real Time Build Order
Export as new Build Order

Myhome Terran - Winner!

Build Orders: Reaper Expand, MMM Bio 

Get SALT Encoding   

  12  0:00  SCV  
  13  0:12  SCV  
  14  0:17  Supply Depot  
  14  0:25  SCV  
  15  0:39  SCV  
  15  0:41  Barracks  
  16  0:46  Refinery  
  16  0:51  SCV  
  17  1:03  SCV  
  18  1:15  SCV  
  19  1:30  Orbital Command  
  19  1:41  Command Center  
  19  1:46  Reaper  
  20  1:56  SCV  
  21  2:02  Supply Depot  
  21  2:08  SCV  
  22  2:13  Barracks  
  22  2:21  SCV  
  23  2:28  Factory  
  23  2:31  Refinery  
  23  2:36  SCV  
  24  2:45  Barracks Reactor  
  24  2:56  SCV, Orbital Command  
  25  3:03  Barracks Tech Lab  
  25  3:14  SCV  
  25  3:16  Factory Tech Lab  
  25  3:18  Starport  
  26  3:22  Marine x3, SCV  
  26  3:26  SCV  
  31  3:34  SCV  
  32  3:36  Stimpack  
  32  3:38  SCV  
  32  3:40  Marine x3  
  36  3:46  SCV  
  37  3:50  SCV  
  37  3:54  Supply Depot, Starport Reactor  
  38  3:57  Marine  
  38  3:58  SCV, Marine x2  
  38  4:02  SCV  
  43  4:15  Marine  
  44  4:17  Marine x2  
  44  4:22  Command Center  
  46  4:33  Marine  
  46  4:35  Marine x2  
  49  4:41  SCV  
  49  4:42  SCV  
  51  4:49  Barracks  
  51  4:50  Supply Depot, Medivac, Barracks  
  51  4:51  Marine  
  54  5:11  Medivac, SCV x2, Marine x3  
  61  5:17  Supply Depot  
  61  5:20  Refinery, Engineering Bay  
  61  5:21  Engineering Bay  
  61  5:22  Refinery  
  61  5:24  SCV x2  
  63  5:29  Marine  
  63  5:32  Marine x2  
  63  5:33  Medivac  
  68  5:36  SCV x2  
  68  5:37  Combat Shields  
  68  5:38  SCV  
  68  5:39  Barracks Tech Lab  
  71  5:45  Barracks Tech Lab  
  71  5:47  Marine  
  71  5:48  SCV x2  
  71  5:49  Marine  
  74  5:54  Marine  
  74  5:57  Orbital Command  
  76  5:59  Marine  
  76  6:00  SCV  
  78  6:05  Terran Infantry Armor Level 1, Terran Infantry Weapons Level 1, Marine x2  
  78  6:07  Marine  
  81  6:12  Marine  
  81  6:17  Marauder  
  81  6:18  SCV  
  85  6:22  Marine  
  85  6:23  Marine  
  86  6:27  Marine  
  86  6:28  Supply Depot  
  86  6:30  Marauder  
  89  6:36  SCV  
  89  6:38  Marauder  
  92  6:40  Marine  
  93  6:47  Supply Depot  
  93  6:48  Supply Depot  
  93  6:50  Marine, Marauder  
  93  6:51  Marine  
  93  6:52  Orbital Command  
  97  6:58  Marine  
  97  7:00  Marauder  
  95  7:05  SCV x2  
  95  7:07  Marine  
  97  7:09  Marine  
  97  7:11  Marine  
  97  7:12  Armory  
  99  7:16  Supply Depot x2, Marine  
  99  7:20  Medivac x2  
  99  7:21  Marauder  
  106  7:25  SCV, Marine  
  106  7:26  SCV x2  
  106  7:27  Marauder  
  106  7:29  Marauder  
  114  7:34  Marine  
  115  7:38  SCV x3  
  115  7:42  Marauder  
  115  7:43  Marine  
  121  7:48  Barracks x2  
  121  7:49  Barracks, Marauder  
  121  7:50  Marine, Bunker  
  124  7:51  Barracks, Marine  
  125  8:05  SCV x3  
  128  8:06  Marine x2  
  128  8:08  Marine  
  128  8:09  Terran Infantry Weapons Level 2, Terran Infantry Armor Level 2, Marine  
  132  8:13  Supply Depot  
  132  8:15  Supply Depot  
  132  8:17  Supply Depot  
  132  8:20  Supply Depot, Sensor Tower  
  132  8:21  Missile Turret  
  132  8:22  Missile Turret  
  132  8:27  Marine  
  133  8:34  Marine x2  
  133  8:35  Marauder  
  133  8:36  Marine  
  133  8:37  Marine x2  
  133  8:38  Barracks Reactor  
  133  8:39  SCV, Barracks Tech Lab  
  133  8:40  SCV x2  
  143  8:53  Marauder  
  128  9:10  Marine x4  
  128  9:11  Marauder x3  
  128  9:12  SCV x2  
  128  9:13  SCV  
  128  9:14  Marauder  
  143  9:27  Command Center  
  143  9:32  Marauder  
  143  9:33  Marauder x2  
  143  9:36  Marauder  
  151  9:38  Refinery x2  
  151  9:42  Command Center  
  151  9:54  Marauder  
  151  9:55  Marine x4  
  151  9:57  Barracks Reactor, Barracks Tech Lab  
  151  9:58  Marauder x3  
  163  10:02  Concussive Shells  
  162  10:13  Marine x3  
  165  10:20  Supply Depot  
  165  10:22  Supply Depot x3  
  165  10:41  Marine x3  
  165  10:42  SCV, Marauder x2  
  173  10:43  SCV, Marauder x2  
  178  11:05  Marauder  
  166  11:27  Marine x2  
  166  11:28  Marine x7  
  166  11:29  Marine x2  
  177  11:45  Marine x3  
  177  11:46  Marine x4, Marauder  
  177  11:47  Marine, Marauder x2  
  189  11:52  Medivac x2  
  189  11:53  SCV x3  
  197  11:55  Orbital Command  
  197  12:03  Marine x3  
  197  12:07  Terran Infantry Armor Level 3, Terran Infantry Weapons Level 3  
  160  12:24  Marine x7  
  160  12:25  Marine x4  
  159  12:35  Medivac x2  
  163  12:41  Marine  
  163  12:42  Marine x5  
  163  12:43  Marauder x5  
  179  12:44  SCV x2  
  181  12:55  Refinery  
  181  12:56  Refinery  
  181  13:00  Marine  
  181  13:01  Marine x3  
  181  13:04  Marauder x2  
  189  13:05  Medivac x2  
  193  13:16  Marine x4  
  193  13:17  Marine  
  193  13:18  Marine x2  
  197  13:28  Marine x3  
  197  13:29  Marine  
  183  13:34  Marine x4  
  183  13:37  Marine x3  
  183  13:39  SCV x2  
  183  13:40  SCV  
  192  13:46  Marine x4  
  196  13:52  Marine x3  
  196  13:55  Command Center  
  199  13:59  Marine  
  199  14:02  Command Center  
  200  14:06  Sensor Tower  
  200  14:10  Command Center  
  200  14:32  Terran Vehicle Weapons Level 1  
  200  14:44  Building Armor, Hi-Sec Auto Tracking  
  200  15:08  Marine  
  177  15:18  Marine x8  
  177  15:19  Marine x2  
  187  15:32  Marine  
  187  15:33  Medivac x2  
  190  15:35  Marine x2  
  190  15:36  Marine x2  
  190  15:37  Marauder x3  
  189  15:43  Orbital Command x2  
  183  15:59  Planetary Fortress  
  183  16:02  Marine x8  
  183  16:03  Medivac, Marine x3  
  190  16:21  Marauder x5  
  190  16:25  Refinery  
  200  16:27  Refinery x2  
  200  16:31  Bunker  
Show
View Real Time Build Order
Export as new Build Order

Yata Zerg 

Build Orders: Hatch First 

Get SALT Encoding   

  12  0:01  Drone  
  13  0:14  Overlord  
  13  0:26  Drone  
  14  0:33  Drone x2  
  16  0:37  Drone  
  17  0:56  Drone  
  18  0:57  Hatchery  
  18  1:00  Drone  
  18  1:10  Extractor  
  17  1:16  Spawning Pool  
  16  1:19  Drone  
  16  1:22  Drone  
  18  1:31  Drone  
  19  1:48  Overlord  
  19  2:05  Drone x2  
  21  2:14  Queen  
  21  2:15  Queen  
  25  2:17  Zergling x2  
  25  2:18  Zergling x2  
  25  2:20  Metabolic Boost  
  25  2:22  Drone  
  28  2:26  Drone  
  29  2:30  Drone  
  30  2:40  Drone  
  31  2:56  Drone  
  31  2:57  Drone x2  
  34  3:00  Baneling Nest  
  34  3:04  Drone x2, Evolution Chamber  
  34  3:06  Extractor  
  34  3:12  Queen  
  35  3:14  Drone  
  35  3:16  Overlord  
  36  3:34  Drone x7  
  36  3:37  Overlord  
  43  4:02  Hatchery  
  42  4:07  Lair  
  42  4:10  Queen  
  42  4:13  Zergling x6  
  42  4:14  Zergling x6  
  50  4:21  Zerg Melee Weapons Level 1  
  50  4:38  Overlord x3  
  48  4:47  Overlord x3  
  48  5:03  Drone x7  
  48  5:04  Drone x5  
  48  5:06  Queen x2  
  62  5:13  Hydralisk Den  
  63  5:34  Pneumatized Carapace  
  63  5:37  Zergling x4  
  63  5:38  Zergling x12  
  63  5:41  Baneling x2  
  63  5:42  Baneling  
  71  5:59  Hydralisk  
  71  6:04  Drone x3  
  74  6:08  Drone  
  74  6:09  Extractor, Drone x2  
  78  6:27  Hydralisk  
  80  6:43  Zergling x10  
  80  6:44  Zergling x6  
  78  7:02  Drone x3  
  81  7:16  Drone x2  
  81  7:17  Drone x5  
  82  7:27  Drone x4  
  82  7:28  Drone x4  
  88  7:34  Centrifical Hooks, Muscular Augments  
  88  7:39  Zergling x18  
  88  7:41  Overlord x3, Hatchery  
  88  7:42  Overlord  
  96  7:55  Zergling x2  
  97  7:59  Queen  
  97  8:02  Zerg Melee Weapons Level 2  
  99  8:09  Hydralisk x3, Evolution Chamber  
  99  8:10  Hydralisk x5  
  114  8:18  Baneling  
  114  8:19  Baneling x2  
  114  8:20  Overlord x6  
  113  8:37  Hydralisk  
  113  8:40  Baneling  
  113  8:41  Baneling x4  
  115  8:45  Hydralisk  
  115  8:48  Zergling x20  
  109  9:14  Drone x7  
  109  9:15  Drone x2  
  118  9:18  Zergling x4  
  120  9:36  Zergling x2  
  120  9:37  Zergling x12  
  127  9:46  Hydralisk x2  
  131  9:54  Infestation Pit, Zerg Missile Weapons Level 1  
  131  9:58  Zergling x2  
  131  9:59  Zergling x18  
  140  10:24  Queen x2  
  140  10:25  Queen  
  141  10:47  Zergling x2  
  141  10:48  Zergling x2  
  141  10:49  Zergling x36  
  153  11:05  Hydralisk  
  153  11:06  Hydralisk x5  
  153  11:09  Zergling x12  
  152  11:27  Queen  
  152  11:28  Queen  
  152  11:32  Zergling x14  
  157  11:33  Zergling x6  
  142  11:47  Baneling  
  142  11:48  Baneling x16  
  142  11:50  Zergling x20  
  152  12:01  Overlord x2  
  152  12:15  Queen  
  152  12:16  Queen  
  127  12:30  Drone x7  
  127  12:31  Drone  
  127  12:34  Hydralisk  
  127  12:35  Hydralisk x8  
  153  12:42  Infestation Pit  
  152  12:50  Queen  
  152  12:51  Queen  
  156  12:58  Baneling  
  156  12:59  Baneling x3  
  156  13:00  Zergling x2  
  156  13:01  Zergling x20  
  167  13:21  Zergling x2  
  167  13:22  Zergling x2  
  167  13:25  Hatchery, Queen  
  167  13:26  Queen  
  140  13:33  Hydralisk x3  
  99  13:38  Zergling x24  
  99  13:39  Zergling x2  
  107  13:42  Zergling x2  
  107  13:43  Zergling x2  
  109  13:55  Hydralisk x2  
  111  13:58  Zergling x10  
  111  13:59  Zergling x4  
  111  14:00  Baneling x2  
  120  14:03  Extractor, Drone x2  
  110  14:20  Baneling x4  
  104  14:36  Hydralisk  
  106  14:51  Hydralisk x2  
  110  14:57  Extractor  
  106  15:13  Zergling x2  
  70  15:14  Zergling x32  
  70  15:15  Zergling x6  
  73  15:42  Zergling x2  
  54  15:43  Zergling x14  
  59  15:53  Drone  
  59  15:54  Drone x4  
  62  15:58  Zergling x2  
  62  15:59  Zergling x4  
  62  16:06  Hydralisk  
  63  16:32  Hatchery  
  62  16:37  Extractor  
  62  16:38  Drone  
  62  16:39  Extractor, Drone x2  
  63  16:40  Drone x3  
  66  16:49  Hatchery  
Tags
 
Composition
MMM Bio
Matchup
TvZ
Replay Pack
Pack 1
Spawn Locations
Cross Positions
Add a new tag
Caveats
  • Supply blocks, unpowered buildings, or Contaminate may cause inaccurate times.
  • Supply counts are checked every 10 seconds.